 Dungeon Crawl Stone Soup version 0.24.0-13-gcf9b3192b9 (webtiles) character file.

Game seed: 2712942784894357502, levelgen mode: deterministic

489 Delamore the Cleaver (level 7, -2/57 HPs)
             Began as a Hill Orc Monk on Nov 8, 2019.
             Slain by Edmund
             ... wielding a +5 flail of protection
              (16 damage)
             ... on level 4 of the Dungeon.
             The game lasted 00:07:20 (3066 turns).

Delamore the Cleaver (Hill Orc Monk)                Turns: 3066, Time: 00:07:21

Health: -2/57      AC: 12    Str: 15 (18) XL:     7   Next: 14%
Magic:  7/7        EV:  7    Int: 13 (14) God:
Gold:   174        SH:  0    Dex: 11 (13) Spells: 6/6 levels left

rFire    + . .     SeeInvis .   a - +0 hand axe
rCold    + . .     Gourm    .   (no shield)
rNeg     . . .     Faith    .   j - +0 chain mail
rPois    .         Spirit   .   p - +0 helmet
rElec    .         Reflect  .   o - +0 cloak
rCorr    .         Harm     .   n - +0 pair of gloves
MR       .....                  (no boots)
Stlth    ..........             (no amulet)
HPRegen  0.19/turn              h - +4 ring of intelligence
MPRegen  0.10/turn              (no ring)

@: invisible
A: cold resistance 1, fire resistance 1, strong 1
a: no special abilities


You were on level 4 of the Dungeon.
You were not hungry.

You visited 1 branch of the dungeon, and saw 4 of its levels.

You collected 174 gold pieces.

Inventory:

Hand Weapons
 a - a +0 hand axe (weapon)
Armour
 j - a +0 chain mail (worn)
 n - a +0 pair of gloves (worn)
 o - a +0 cloak (worn)
 p - a +0 helmet (worn)
Jewellery
 h - a +4 ring of intelligence (left hand)
 m - an uncursed ring of ice
Scrolls
 b - a scroll of amnesia
 g - a scroll of enchant weapon {unknown}
 q - 2 scrolls of identify
 s - a scroll of fog
Potions
 d - a potion of flight
 f - 3 potions of curing
 r - 2 potions of haste
 t - 2 potions of brilliance
 u - a potion of agility
Comestibles
 c - 6 rations
 i - 2 chunks of flesh


   Skills:
 - Level 3.6 Fighting
 + Level 9.4 Axes
 + Level 3.3 Armour
 - Level 2.4 Dodging
 - Level 1.5 Stealth


You had 6 spell levels left.
You didn't know any spells.
Your spell library was empty.

Dungeon Overview and Level Annotations

Branches:
Dungeon (4/15)
 Temple: D:4-7

Altars:

Annotations:
D:4 Edmund


Innate Abilities, Weirdness & Mutations

Your flesh is cold resistant. (rC+)
Your flesh is heat resistant. (rF+)
Your muscles are strong. (Str +2)


Message History

You are too injured to fight recklessly!
You are too injured to fight recklessly!
You are too injured to fight recklessly!
You are too injured to fight recklessly!
You are too injured to fight recklessly!
It was a potion of degeneration.
There was something very wrong with that liquid.
You feel weakened.
You feel dopey.
You feel clumsy.
Edmund hits you with a +5 flail of protection!
* * * LOW HITPOINT WARNING * * *
Edmund hits you but does no damage.
As you read the scroll of fear, it crumbles to dust.
You assume a fearsome visage.
Edmund hits you with a +5 flail of protection.
* * * LOW HITPOINT WARNING * * *
Edmund completely misses you.
It was a potion of invisibility.
You fade into invisibility!
Edmund hits you with a +5 flail of protection!
You die...

... .. # #.####. ..#..
#.#.# #.#.#### #...÷..#
##### ####@.##.# ##...#
#†.@.###.# ##.....
#......### #.## #......
...####.#####..#####......
. #.#..........#......
#...................
##...........###....
##..#.....### ##...
##.#.###...# ###.


You could see Edmund (berserk).

Vanquished Creatures
  An ogre (D:3)
  A centaur (D:3)
  Natasha (thrice) (D:2)
  2 iguanas (D:4)
  A hound zombie (D:4)
  Robin (D:2)
  A howler monkey skeleton (D:4)
  5 adders
  2 oozes
  3 worms
  2 dart slugs (D:1)
  4 leopard geckos
  4 orcs
  2 giant cockroaches
  12 goblins
  15 hobgoblins
  8 jackals (D:1)
  2 quokkas
  7 bats
  3 frilled lizards
  9 kobolds
  6 rats
94 creatures vanquished.

Notes
Turn   | Place    | Note
-------+----------+-------------------------------------------
     0 | D:1      | Delamore the Hill Orc Monk began the quest for the Orb.
     0 | D:1      | Reached XP level 1. HP: 19/19 MP: 1/1
    32 | D:1      | Reached XP level 2. HP: 19/26 MP: 2/2
   104 | D:1      | Reached skill level 5 in Axes
   198 | D:1      | Reached XP level 3. HP: 19/31 MP: 3/3
   576 | D:1      | Reached skill level 6 in Axes
   620 | D:2      | Gained mutation: Your muscles are strong. (Str +2) [potion
                  | of mutation]
   620 | D:2      | Gained mutation: Your muscles are very strong. (Str +4)
                  | [potion of mutation]
   668 | D:2      | Reached XP level 4. HP: 39/39 MP: 4/4
   675 | D:2      | Noticed Natasha
   688 | D:2      | Killed Natasha
   770 | D:2      | Noticed Natasha
   782 | D:2      | Killed Natasha
   782 | D:2      | Reached skill level 7 in Axes
   782 | D:2      | Reached skill level 1 in Armour
   966 | D:2      | Reached XP level 5. HP: 37/45 MP: 5/5
  1042 | D:2      | Noticed Robin
  1056 | D:2      | Killed Robin
  1103 | D:2      | Noticed Natasha
  1132 | D:2      | Killed Natasha
  1897 | D:3      | Noticed a centaur
  1908 | D:3      | Killed a centaur
  1908 | D:3      | Reached skill level 8 in Axes
  1908 | D:3      | Reached XP level 6. HP: 24/51 MP: 6/6
  2433 | D:3      | Reached skill level 9 in Axes
  2662 | D:4      | Lost mutation: Your muscles are very strong. (Str +4)
                  | [potion of mutation]
  2662 | D:4      | Gained mutation: Your flesh is heat resistant. (rF+)
                  | [potion of mutation]
  2662 | D:4      | Gained mutation: Your flesh is cold resistant. (rC+)
                  | [potion of mutation]
  2714 | D:4      | Reached XP level 7. HP: 26/57 MP: 7/7
  3047 | D:4      | Noticed Edmund
  3066 | D:4      | Slain by Edmund

Levels and vault maps discovered:
D:1:      giann_bridges, layout_loops_cross, minmay_statues_item
D:2:      layout_loops_ring, minmay_heptomino_l4, uniq_robin, uniq_natasha
D:3:      layout_rooms, minmay_fractal_squares_5
D:4:      layout_rooms, uniq_edmund

Skill      XL: |  1  2  3  4  5  6 |
---------------+-------------------+-----
Axes           | 5 6 7 8 9 |  9.4
Armour         | 1 2 3 |  3.3
Fighting       | |  3.6
Dodging        | |  2.4
Stealth        | |  1.5

Action                   |  1- 3 |  4- 6 |  7- 9 || total
-------------------------+-------+-------+-------++-------
Melee: Hand axe          |    91 |   232 |    40 ||   363
  Use: Scroll            |     7 |     6 |     1 ||    14
       Potion            |     1 |     3 |     2 ||     6
 Stab: Sleeping          |     1 |       |       ||     1
  Eat: Chunk             |       |     6 |     1 ||     7
Armor: Robe              |    13 |       |       ||    13
       Leather armour    |     7 |     5 |       ||    12
       Chain mail        |       |   110 |    14 ||   124
       Skin              |       |     4 |       ||     4
Dodge: Dodged            |    61 |    84 |    18 ||   163
